 Dungeon Crawl Stone Soup version 0.20.1-1-g8b1a95d (webtiles) character file.

14950 dvd the Gouger (level 11, -1/48 HPs)
             Began as a Felid Transmuter on Sept 9, 2017.
             Was the Champion of Ru.
             Killed from afar by an orc wizard (3 damage)
             ... with a puff of frost
             ... on level 2 of the Orcish Mines.
             The game lasted 02:13:27 (23016 turns).

dvd the Gouger (Felid Transmuter)                  Turns: 23016, Time: 02:13:28

Health: -1/48      AC:  9    Str:  7    XL:     11   Next: 95%
Magic:  21/22      EV: 13    Int: 18    God:    Ru [******]
Gold:   1403       SH:  0    Dex: 15    Spells: 1/28 levels left
                                        Lives:  0   Deaths: 3

rFire    x . .     SeeInvis +     - Unarmed
rCold    + + .     Gourm    .   (shield unavailable)
rNeg     . . .     Faith    .   (armour unavailable)
rPois    +         Spirit   .   (helmet unavailable)
rElec    .         Reflect  .   (cloak unavailable)
rCorr    .         Harm     .   (gloves unavailable)
MR       +....     Rnd*Rage +   (boots unavailable)
Stlth    +++.......             k - amulet of regeneration
Regen    0.6/turn               G - ring of protection from fire
MPRegen  0.2/turn               u - +3 ring of protection

@: ice-form, heavily drained
A: no armour, no weapons or thrown items, stealth, see invisible, berserk 1,
carnivore 3, clumsy 1, frail 1, low mp 1, slow metabolism 1, unskilled 1,
temperature sensitive
a: End Transformation, Draw Out Power, Power Leap, Apocalypse, Renounce Religion


You were on level 2 of the Orcish Mines.
You worshipped Ru.
Ru was exalted by your worship.
You were very full.
You were a creature of crystalline ice.
You visited 4 branches of the dungeon, and saw 19 of its levels.
You also visited: Labyrinth, Ossuary, Bailey and Volcano.

You collected 1403 gold pieces.

Inventory:

Missiles
 a - 292 arrows
Jewellery
 f - a +5 ring of intelligence
 k - an amulet of regeneration (around neck)
 u - a +3 ring of protection (right front paw)
 v - an uncursed amulet of rage
 w - an uncursed ring of protection from cold
 E - an uncursed ring of flight
 G - a ring of protection from fire (left front paw)
 H - a +3 ring of evasion
 L - an uncursed ring of protection from cold
 M - the ring of the Twelve Places {*Tele MR+++ Int-5}
   (You found it in a labyrinth)

   [ring of teleportation]

   It may teleport you next to monsters.
   It affects your intelligence (-5).
   It affects your resistance to hostile enchantments.
Wands
 r - a wand of disintegration (4/24)
 s - a wand of paralysis (9/24)
 t - a wand of flame (12/48)
 z - a wand of lightning (8/15)
 D - a wand of confusion (36/48)
 J - a wand of polymorph (14/24)
 K - a wand of polymorph (7/24)
 N - a wand of lightning (11/15)
 O - a wand of iceblast (7/15)
 R - a wand of lightning (3/15)
 S - a wand of random effects (21/48)
Scrolls
 g - 9 scrolls of remove curse
 h - a scroll of recharging
 j - 11 scrolls of identify
 l - 4 scrolls of teleportation
 A - 3 scrolls of amnesia
 I - a scroll of fear
Potions
 d - 3 potions of haste
 e - a potion of curing
 i - 2 potions of might
 m - 7 potions of brilliance
 p - a potion of ambrosia
 B - 2 potions of flight
 C - 8 potions of cancellation
 P - a potion of resistance
Books
 b - a book of Changes

   Spells                             Type                      Level
   a - Beastly Appendage              Transmutation                1
   b - Sticks to Snakes               Transmutation                2
   c - Spider Form                    Transmutation/Poison         3
   d - Ice Form                       Ice/Transmutation            4
   e - Blade Hands                    Transmutation                5
 o - a book of Geomancy

   Spells                             Type                      Level
   a - Sandblast                      Earth                        1
   b - Passwall                       Transmutation/Earth          2
   c - Stone Arrow                    Conjuration/Earth            3
   d - Petrify                        Transmutation/Earth          4
   e - Lee's Rapid Deconstruction     Earth                        5
 x - a book of Necromancy

   Spells                             Type                      Level
   a - Pain                           Necromancy                   1
   b - Animate Skeleton               Necromancy                   1
   c - Vampiric Draining              Necromancy                   3
   d - Regeneration                   Charms/Necromancy            3
   e - Animate Dead                   Necromancy                   4
   f - Control Undead                 Necromancy                   4
 y - a book of Callings

   Spells                             Type                      Level
   a - Summon Small Mammal            Summoning                    1
   b - Call Imp                       Summoning                    2
   c - Call Canine Familiar           Summoning                    3
   d - Summon Guardian Golem          Hexes/Summoning              3
   e - Summon Lightning Spire         Summoning/Air                4
   f - Summon Ice Beast               Ice/Summoning                4
 F - a book of Debilitation

   Spells                             Type                      Level
   a - Corona                         Hexes                        1
   b - Slow                           Hexes                        2
   c - Inner Flame                    Hexes/Fire                   3
   d - Portal Projectile              Hexes/Translocation          3
   e - Cause Fear                     Hexes                        4
   f - Leda's Liquefaction            Hexes/Earth                  4
 Q - a book of Minor Magic

   Spells                             Type                      Level
   a - Magic Dart                     Conjuration                  1
   b - Blink                          Translocation                2
   c - Call Imp                       Summoning                    2
   d - Slow                           Hexes                        2
   e - Conjure Flame                  Conjuration/Fire             3
   f - Mephitic Cloud                 Conjuration/Poison/Air       3
 U - a book of Battle

   Spells                             Type                      Level
   a - Infusion                       Charms                       1
   b - Shroud of Golubria             Charms/Translocation         2
   c - Song of Slaying                Charms                       2
   d - Spectral Weapon                Hexes/Charms                 3
   e - Regeneration                   Charms/Necromancy            3
Comestibles
 c - 10 meat rations
 q - 24 royal jellies
 T - 5 chunks of flesh


   Skills:
 + Level 3.5(0.9) Fighting
 + Level 8.3(5.4) Dodging
 + Level 9.7(6.7) Stealth
 + Level 11.4(8.3) Unarmed Combat
 + Level 9.0(6.1) Spellcasting
 + Level 4.6(2.0) Charms
 * Level 3.8(1.3) Summonings
 + Level 5.4(2.8) Necromancy
 + Level 2.3(0.0) Translocations
 + Level 10.8(7.7) Transmutations
 + Level 4.4(1.8) Ice Magic
 + Level 1.0(0.0) Earth Magic
   Level 2.1(0.0) Poison Magic
 + Level 0.4(0.0) Evocations


You had one spell level left.
You knew the following spells:

 Your Spells              Type           Power        Failure   Level  Hunger
a - Animate Dead          Necr           N/A          36%         4    ####...
b - Blade Hands           Tmut           ####......   14%         5    #####..
c - Ice Form              Ice/Tmut       ###.....     17%         4    ####...
d - Pain                  Necr           ###.         3%          1    None
e - Regeneration          Chrm/Necr      ##........   13%         3    ##.....
f - Petrify               Tmut/Erth      ###.....     24%         4    ####...
g - Blink                 Tloc           N/A          19%         2    None
h - Summon Ice Beast      Ice/Summ       ##......     52%         4    ####...


Dungeon Overview and Level Annotations

Branches:
Dungeon (11/15)            Temple (1/1) D:5            Lair (5/6) D:8
 Shoals (0/4) Lair:2       Spider (0/4) Lair:3          Orc (2/2) D:11
  Slime: Lair:5-6       Elf: Orc:2

Altars:
Ashenzari
Cheibriados
Dithmenos
Elyvilon
Fedhas
Gozag
Hepliaklqana
Kikubaaqudgha
Makhleb
Nemelex Xobeh
Okawaru
Qazlal
Ru
Sif Muna
Trog
Uskayaw
Vehumet
Xom
Yredelemnul
Zin
The Shining One
Beogh
Lugonu

Shops:
Orc:2 %!}

Annotations:
Lair:5 exclusion: 4 oklob plants


Innate Abilities, Weirdness & Mutations

You cannot wear armour.
You are incapable of wielding weapons or throwing items.
Your paws allow you to move quietly. (Stealth)
((You have sharp claws.))
((You have razor-sharp teeth.))
You have supernaturally acute eyesight. (SInv)
You are carnivorous and can eat meat at any time.
((You cover ground quickly.))
You are frail. (-10% HP)
((Your thick and shaggy fur keeps you warm. (AC +3, rC+)))
You have a slow metabolism.
You are somewhat unskilled. (-1 Apt)
((Your sharp claws are effective at attacking unaware monsters.))
You are sensitive to extremes of temperature. (rF-, rC-)
((You have a pair of small horns on your head.))
((You are partially covered in yellow scales. (AC +2)))
You tend to lose your temper in combat.
You are clumsy. (Dex -2)
Your magical capacity is low. (-10% MP)


Message History

The orc warrior hits you with a flail!
The orc wizard gestures at you while chanting.
The puff of frost hits you! You resist.
Things that are here:
a mace; a plate armour The orc wizard begins to cast a spell, but is stunned by your will!
The orc wizard casts a spell at you. The puff of frost misses you.
You hit the orc warrior but do no damage.
The orc warrior is almost dead.
You hit the orc warrior but do no damage.
The orc warrior is almost dead.
The orc warrior hits you with a flail!!
* * * LOW HITPOINT WARNING * * *
Unknown command.
The orc wizard begins to cast a spell, but is stunned by your will!
The orc wizard casts a cantrip, but nothing happens.
The orc wizard casts a spell at you. The puff of frost hits you! You resist.
You die...

....## ##......#.##<......##
#...# #......#####)).....#
..... ##.......#.#.)....##
#.#.## ##..............##
##### #.............## ##
##...........## ###.####
##........### ###.#.##.##
##......## #.........##
##.Y....### ##.........#
#......##.##
#....#.....###o..#......##
.....#.....#..o.##.......##
....##.....#o..###.#......##
...## ###)..o..######......#
....###).........###......##
...).............#.......##
........................##


You could see 2 orc warriors, an orc wizard (invisible) and an orc.

Vanquished Creatures
  A minotaur (Lab)
  4 hydras
  A two-headed ogre (D:8)
  An unseen horror (D:10)
  4 orc knights
  An ugly thing (D:11)
  A cyclops (D:10)
  A manticore (D:11)
  3 orc sorcerers
  An elephant (Lair:5)
  3 black mambas
  Psyche (D:10)
  4 gargoyles
  2 spiny frogs
  A centaur skeleton (D:10)
  A kobold demonologist (Bailey)
  A komodo dragon (Lair:3)
  A troll (Orc:2)
  A queen bee (Lair:2)
  Prince Ribbit (Lair:2)
  8 blink frogs
  A merfolk (Lair:2)
  5 hippogriffs
  A spriggan (D:8)
  A wyvern (Lair:5)
  37 yaks
  A redback (D:8)
  2 basilisks (D:8)
  A hungry ghost (D:9)
  Eustachio (D:5)
  A fire bat (Volcano)
  A warg (Orc:2)
  9 water moccasins
  9 porcupines
  6 black bears
  A hornet zombie (D:7)
  26 orc warriors
  A sky beast (D:11)
  2 necrophages
  2 phantoms (D:7)
  8 ogres
  5 wolves
  4 centaurs
  3 crocodiles
  4 big kobolds
  Blork the orc (D:4)
  19 bullfrogs
  2 gnoll sergeants (D:8)
  5 scorpions
  39 killer bees
  4 wights (D:9)
  A howler monkey (D:3)
  3 electric eels
  6 crimson imps
  2 quasits
  2 centaur zombies
  A bullfrog zombie (D:5)
  A bullfrog skeleton (D:8)
  11 hounds
  A human zombie (Ossuary)
  17 orc priests
  22 orc wizards
  A gnoll shaman (D:8)
  6 jellies
  An iguana (D:5)
  7 worker ants
  A killer bee zombie (D:7)
  A hound skeleton (D:6)
  A worker ant zombie (D:8)
  Robin (D:2)
  2 mummies (Ossuary)
  12 gnolls
  A river rat (Lair:2)
  11 adders
  3 shadow imps
  An adder skeleton (D:5)
  2 adder zombies
  2 worms
  3 dart slugs
  3 leopard geckos
  84 orcs
  5 giant cockroaches
  26 goblins
  20 hobgoblins
  7 jackals
  3 quokkas
  11 bats
  5 frilled lizards
  2 goblin zombies (Ossuary)
  A hobgoblin zombie (Ossuary)
  36 kobolds
  4 kobold zombies (Ossuary)
  A leopard gecko zombie (D:5)
  2 orc zombies (Ossuary)
  A quokka skeleton (D:4)
  17 rats
  5 fungi
  6 plants
606 creatures vanquished.

Vanquished Creatures (collateral kills)
  Snorg (Lair:5)
  A hydra (Lair:5)
  2 black mambas (Lair:3)
  A komodo dragon (Lair:4)
  2 water moccasins (Lair:5)
  An ogre (D:11)
  A crocodile (Lair:3)
  A bullfrog (Lair:5)
  3 orcs
13 creatures vanquished.

Vanquished Creatures (others)
  A gargoyle (Lab)
  An ogre (D:10)
  2 orcs
  A hobgoblin (D:8)
  2 kobolds
  A bush (Lair:2)
  11 fungi
  22 plants
41 creatures vanquished.

Grand Total: 660 creatures vanquished

Notes
Turn   | Place    | Note
-------+----------+-------------------------------------------
     0 | D:1      | dvd the Felid Transmuter began the quest for the Orb.
     0 | D:1      | Reached XP level 1. HP: 9/9 MP: 4/4
   271 | D:1      | Reached XP level 2. HP: 3/12 MP: 4/6
  1205 | D:1      | Reached XP level 3. HP: 9/15 MP: 7/7
  1217 | D:1      | Learned a level 3 spell: Spider Form
  1390 | D:1      | You fall through a shaft!
  2098 | D:2      | Reached XP level 4. HP: 19/19 MP: 4/8
  2103 | D:2      | Found a shattered altar of Ashenzari.
  2860 | D:2      | Reached skill level 4 in Unarmed Combat
  2891 | D:2      | Noticed Robin
  3071 | D:2      | Killed Robin
  3082 | D:2      | Reached skill level 1 in Stealth
  3693 | D:3      | Found an opulent altar of Gozag.
  3740 | D:3      | Reached XP level 5. HP: 22/22 MP: 9/9
  3768 | D:3      | Reached skill level 1 in Poison Magic
  4390 | D:4      | Found an ancient bone altar of Kikubaaqudgha.
  4449 | D:4      | Found a burning altar of Makhleb.
  4455 | D:4      | Found a hazy altar of Hepliaklqana.
  4460 | D:4      | Found a white marble altar of Elyvilon.
  4650 | D:4      | Learned a level 4 spell: Ice Form
  4650 | D:4      | Noticed an ogre
  4652 | D:4      | Noticed Blork the orc
  4680 | D:4      | Killed Blork the orc
  4680 | D:4      | Gained mutation: You are covered in thick fur. (AC +2) [Felid growth]
  4680 | D:4      | Reached XP level 6. HP: 16/25 MP: 7/11
  4763 | D:4      | Found a sparkling altar of Nemelex Xobeh.
  4890 | D:4      | Reached skill level 5 in Unarmed Combat
  4890 | D:4      | Reached XP level 7. HP: 28/28 MP: 6/12
  4955 | D:4      | Found a sacrificial altar of Ru.
  4963 | D:4      | Became a worshipper of Ru the Awakened
  4978 | D:4      | Noticed a troll
  5077 | D:4      | Learned a level 1 spell: Pain
  5195 | D:5      | Entered Level 5 of the Dungeon
  5328 | D:5      | Found a sand-covered staircase.
  5373 | Ossuary  | Entered an ossuary
  5373 | Ossuary  | Noticed a wraith
  5373 | Ossuary  | Noticed a wraith
  5373 | Ossuary  | Noticed a wraith
  5421 | Ossuary  | Learned a level 3 spell: Regeneration
  5761 | Ossuary  | Noticed a wraith
  5938 | D:5      | Found a staircase to the Ecumenical Temple.
  5944 | Temple   | Entered the Ecumenical Temple
  5998 | D:5      | Noticed Eustachio
  6056 | D:5      | Found a snail-covered altar of Cheibriados.
  6184 | D:5      | Killed Eustachio
  6184 | D:5      | Reached skill level 5 in Transmutations
  6524 | D:6      | Gained mutation: You are frail. (-10% HP) [Ru sacrifice]
  6524 | D:6      | Reached * piety under Ru
  6524 | D:6      | Reached ** piety under Ru
  6721 | D:6      | Reached XP level 8. HP: 28/28 MP: 10/14
  6968 | D:6      | Reached skill level 1 in Ice Magic
  7010 | D:6      | Reached skill level 6 in Unarmed Combat
  7015 | D:6      | Reached skill level 1 in Necromancy
  7638 | D:6      | Reached skill level 5 in Dodging
  8028 | D:7      | Reached XP level 9. HP: 17/32 MP: 17/17
  8371 | D:7      | Reached skill level 7 in Unarmed Combat
  8474 | D:7      | Reached skill level 5 in Spellcasting
  8622 | D:7      | Learned a level 5 spell: Blade Hands
  8669 | D:7      | Reached skill level 5 in Stealth
  8803 | D:7      | Gained mutation: You are somewhat unskilled. (-1 Apt) [Ru sacrifice]
  8803 | D:7      | Reduced skill Unarmed Combat to level 6
  8803 | D:7      | Reached *** piety under Ru
  8803 | D:7      | Reached **** piety under Ru
  8982 | D:8      | Noticed a two-headed ogre
  9403 | D:8      | a two-headed ogre changed into a redback
  9411 | D:8      | Reached skill level 1 in Charms
  9657 | D:8      | Reached skill level 7 in Unarmed Combat
  9809 | D:8      | Noticed a moth of wrath
  9853 | D:8      | Reached skill level 5 in Spellcasting
 10008 | D:7      | Reached XP level 10. HP: 36/36 MP: 11/18
 10311 | D:8      | Found a staircase to the Lair.
 10389 | D:8      | Reached skill level 5 in Stealth
 10564 | D:8      | Noticed a two-headed ogre
 10619 | D:8      | Killed a two-headed ogre
 10675 | D:8      | Found a bloodstained altar of Trog.
 10694 | D:8      | Reached skill level 8 in Unarmed Combat
 10810 | D:8      | Found a glowing silver altar of Zin.
 10815 | D:8      | Found a stormy altar of Qazlal.
 10820 | D:8      | Found a deep blue altar of Sif Muna.
 11435 | D:8      | Reached XP level 11. HP: 40/40 MP: 19/21
 11580 | D:9      | Reached skill level 9 in Unarmed Combat
 11643 | D:9      | Found a blossoming altar of Fedhas.
 11670 | D:9      | Learned a level 4 spell: Petrify
 11694 | D:9      | Gained mutation: You are sensitive to extremes of temperature. (rF-, rC-) [Ru sacrifice]
 11694 | D:9      | Reached ***** piety under Ru
 11694 | D:9      | Reached ****** piety under Ru
 11944 | D:9      | Found an iron altar of Okawaru.
 12309 | D:10     | Entered Level 10 of the Dungeon
 12464 | D:10     | Found a flagged portal.
 12492 | Bailey   | Entered a bailey
 12646 | Bailey   | Found an iron altar of Okawaru.
 12646 | Bailey   | Noticed an orc sorcerer
 12652 | Bailey   | Noticed a sixfirhy
 12653 | Bailey   | Killed an orc sorcerer
 12674 | Bailey   | Noticed an orc knight
 12692 | Bailey   | Noticed an orc knight
 12697 | Bailey   | HP: 2/40 [orc knight/war axe (38)]
 12702 | Bailey   | Killed from afar by an electric eel
 12703 | Bailey   | Reached XP level 10. HP: -1/37 MP: 9/21
 12703 | Bailey   | Noticed an orc knight
 12728 | Bailey   | Killed an orc knight
 12728 | Bailey   | Reached XP level 11. HP: 34/40 MP: 12/22
 12731 | Bailey   | Killed an orc knight
 13107 | D:10     | Noticed Psyche
 13121 | D:10     | Noticed an unseen horror
 13269 | D:10     | Killed Psyche
 13342 | D:10     | Killed an unseen horror
 13690 | Lair:1   | Entered Level 1 of the Lair of Beasts
 13839 | Lair:1   | HP: 2/40 [black mamba (19)]
 13941 | Lair:1   | Reached skill level 10 in Unarmed Combat
 14789 | Lair:2   | Found a labyrinth entrance.
 14819 | Lab      | Entered a labyrinth
 15883 | Lab      | Noticed a minotaur
 15886 | Lab      | Killed a minotaur
 15886 | Lab      | Reached skill level 10 in Transmutations
 15934 | Lab      | Got a crude ivory ring
 15936 | Lab      | Identified the ring of the Twelve Places {*Tele MR+++ Int-5} (You found it in a labyrinth)
 16074 | Lair:2   | Gained mutation: Your thick and shaggy fur keeps you warm. (AC +3, rC+) [Felid growth]
 16074 | Lair:2   | Reached XP level 12. HP: 21/43 MP: 21/24
 16219 | Lair:2   | Reached skill level 5 in Necromancy
 16284 | Lair:2   | Noticed a six-headed hydra
 16651 | Lair:2   | Noticed Prince Ribbit
 16666 | Lair:2   | Killed Prince Ribbit
 16957 | Lair:2   | Noticed a six-headed hydra
 16960 | Lair:2   | Killed a six-headed hydra
 16967 | Lair:2   | Killed an eight-headed hydra
 17254 | Lair:2   | Noticed a six-headed hydra
 17323 | Lair:1   | You fall through a shaft!
 17367 | Lair:2   | Found a staircase to the Shoals.
 17437 | Lair:2   | Killed a six-headed hydra
 17566 | Lair:3   | Found a hole to the Spider Nest.
 17600 | Lair:3   | Learned a level 2 spell: Blink
 17605 | Lair:3   | Learned a level 4 spell: Summon Ice Beast
 17617 | Lair:3   | Reached skill level 1 in Translocations
 17824 | Lair:3   | Learned a level 4 spell: Animate Dead
 17933 | Lair:3   | Gained mutation: You tend to lose your temper in combat. [potion of mutation]
 17933 | Lair:3   | Gained mutation: You have a pair of small horns on your head. [potion of mutation]
 18544 | Lair:4   | Reached skill level 1 in Summonings
 18892 | Lair:4   | Found a dark tunnel.
 18905 | Volcano  | Entered a volcano
 19056 | Lair:4   | Reached skill level 11 in Unarmed Combat
 19714 | Lair:5   | Noticed Snorg
 19717 | Lair:5   | Reached XP level 13. HP: 46/46 MP: 22/26
 19723 | Lair:5   | Killed Snorg
 20929 | Lair:4   | Reached skill level 1 in Earth Magic
 21145 | Lair:5   | Slain by a 12-headed hydra
 21146 | Lair:5   | Reached XP level 12. HP: -4/43 MP: 15/25
 21332 | D:11     | Mangled by a red ugly thing
 21333 | D:11     | Reached XP level 11. HP: -7/40 MP: 21/24
 21396 | D:11     | Found a staircase to the Orcish Mines.
 21420 | D:11     | Found a roughly hewn altar of Beogh.
 21957 | D:11     | Killed a red ugly thing
 21961 | D:11     | Gained mutation: Your magical capacity is low. (-10% MP) [mutagenic meat]
 21962 | D:11     | Gained mutation: You are partially covered in yellow scales. (AC +2) [mutagenic meat]
 21963 | D:11     | Gained mutation: You are clumsy. (Dex -2) [mutagenic meat]
 22246 | Orc:1    | Entered Level 1 of the Orcish Mines
 22472 | Orc:1    | Found a roughly hewn altar of Beogh.
 22512 | Orc:2    | Entered Level 2 of the Orcish Mines
 22563 | Orc:2    | Noticed an orc knight
 22565 | Orc:2    | Killed an orc knight
 22674 | Orc:2    | Found Gamumnot's Distillery.
 22675 | Orc:2    | Noticed an orc knight
 22679 | Orc:2    | Noticed an orc sorcerer
 22704 | Orc:2    | Killed an orc sorcerer
 22708 | Orc:2    | Killed an orc knight
 22791 | Orc:2    | Found Kunnelusm's Food Emporium.
 22831 | Orc:1    | Noticed an orc sorcerer
 22841 | Orc:2    | Killed an orc sorcerer
 22948 | Orc:2    | Found Yvuh Wyu's Quality Used Wands.
 23013 | Orc:2    | HP: 1/48 [orc warrior/flail (19)]
 23016 | Orc:2    | Killed from afar by an orc wizard

Skill      XL: |  1  2  3  4  5  6  7  8  9 10 11 12 13 |
---------------+----------------------------------------+-----
Dodging        | 3 4 5 7 8 |  8.3
Transmutations | 3 4 5 6 7 9 10 | 10.8
Unarmed Combat | 4 5 6 7 8 10 11 | 11.4
Stealth        | 1 2 3 4 4 5 7 9 |  9.7
Poison Magic   | 1 2 |  2.1
Spellcasting   | 3 4 5 6 9 8 |  9.0
Ice Magic      | 2 3 4 |  4.4
Necromancy     | 1 2 4 5 |  5.4
Charms         | 1 3 4 |  4.6
Fighting       | 3 |  3.5
Translocations | 2 |  2.3
Summonings     | 3 2 |  3.8
Earth Magic    | 1 |  1.0
Evocations     | |  0.4

Action                   |  1- 3 |  4- 6 |  7- 9 | 10-12 | 13-15 || total
-------------------------+-------+-------+-------+-------+-------++-------
Melee: Unarmed           |   137 |   136 |   376 |   972 |    66 ||  1687
       Bite              |    12 |     1 |    14 |    53 |     4 ||    84
       Headbutt          |     9 |     3 |    17 |    34 |     7 ||    70
       Punch             |     2 |       |     5 |    28 |     1 ||    36
 Cast: Beastly Appendage |    24 |     7 |    18 |     2 |       ||    51
       Spider Form       |     1 |    26 |     9 |       |       ||    36
       Regeneration      |       |       |    22 |    27 |     4 ||    53
       Pain              |       |       |    26 |    14 |       ||    40
       Ice Form          |       |       |    20 |    24 |     4 ||    48
       Blade Hands       |       |       |     7 |    91 |     6 ||   104
       Petrify           |       |       |       |    23 |     8 ||    31
       Animate Dead      |       |       |       |    13 |     7 ||    20
       Summon Ice Beast  |       |       |       |    12 |     5 ||    17
       Blink             |       |       |       |     3 |     2 ||     5
Invok: Sacrifice Health  |       |       |     1 |       |       ||     1
       Draw Out Power    |       |       |     1 |     2 |       ||     3
       Sacrifice Skill   |       |       |     1 |       |       ||     1
       Apocalypse        |       |       |       |     8 |     2 ||    10
       Sacrifice Resista |       |       |       |     1 |       ||     1
 Abil: End Transformatio |       |       |     2 |    19 |     1 ||    22
Evoke: Wand              |       |       |     2 |     7 |     1 ||    10
  Use: Scroll            |       |       |    16 |    12 |     1 ||    29
       Potion            |       |       |     5 |    16 |       ||    21
 Stab: Sleeping          |     2 |     5 |    15 |    21 |       ||    43
       Invisible         |       |       |     3 |     5 |     1 ||     9
       Distracted        |       |       |     3 |     6 |     1 ||    10
       Paralysed         |       |       |     1 |    14 |     3 ||    18
       Petrified         |       |       |       |    46 |     8 ||    54
       Petrifying        |       |       |       |     1 |       ||     1
  Eat: Chunk             |    10 |     9 |    21 |    73 |     5 ||   118
Armor: Skin              |     8 |     6 |    50 |    99 |    18 ||   181
Dodge: Dodged            |   105 |   111 |   280 |   589 |    60 ||  1145
